Map: Prion Terraces

Players

Chris

  • Race: Protoss Protoss

LilDicky - Winner!

  • Race: Terran Terran
  • League: Diamond

VOD

http://www.twitch.tv/tumescentpie

Description

Time

  • Played on: Dec. 5, 2015, 7:51 p.m.
  • Length: 5:19
Show
View Real Time Build Order
Export as new Build Order

Chris Protoss 

Build Orders: 1 Gate Expand 

Get SALT Encoding   

  12  0:01  Probe (Chrono Boost)  
  13  0:11  Probe (Chrono Boost)  
  14  0:17  Pylon  
  14  0:22  Probe (Chrono Boost)  
  15  0:36  Probe (Chrono Boost)  
  15  0:39  Gateway  
  16  0:46  Probe (Chrono Boost)  
  16  0:47  Assimilator  
  18  0:57  Probe (Chrono Boost)  
  18  1:07  Probe (Chrono Boost)  
  19  1:18  Probe (Chrono Boost)  
  20  1:28  Nexus  
  20  1:42  Cybernetics Core  
  20  1:44  Probe (Chrono Boost)  
  20  1:54  Probe (Chrono Boost)  
  20  1:57  Assimilator  
  21  2:05  Probe (Chrono Boost)  
  23  2:15  Probe (Chrono Boost)  
  23  2:20  Pylon  
  23  2:22  Warp Gate (Chrono Boost)  
  23  2:33  Pylon  
  23  2:35  Stalker  
  23  2:38  Mothership Core  
  23  2:39  Probe  
  28  2:53  Probe  
  29  2:59  Probe  
  29  3:04  Probe  
  31  3:11  Probe, Pylon  
  32  3:13  Robotics Facility  
  32  3:15  Probe  
  32  3:18  Stalker  
  35  3:23  Probe  
  33  3:44  Gateway  
  33  3:45  Probe  
  33  3:47  Probe  
  35  3:48  Stalker  
  36  3:57  Assimilator  
  36  4:00  Observer (Chrono Boost)  
  36  4:02  Assimilator  
  32  4:06  Probe  
  32  4:08  Probe  
  34  4:17  Probe  
  34  4:20  Probe  
  34  4:28  Probe  
  33  4:32  Probe  
  34  4:38  Probe  
  34  4:44  Probe  
  36  4:46  Observer (Chrono Boost)  
  36  4:49  Probe  
  38  4:56  Probe  
  38  4:59  Probe  
  39  5:08  Stalker  
  39  5:09  Stalker  
Show
View Real Time Build Order
Export as new Build Order

LilDicky Terran - Winner!

Build Orders:  

Get SALT Encoding   

  12  0:01  SCV  
  13  0:13  SCV  
  14  0:18  Supply Depot  
  14  0:25  SCV  
  15  0:28  Refinery  
  15  0:39  SCV  
  16  0:46  Barracks  
  16  0:51  SCV  
  17  1:03  SCV  
  18  1:16  SCV  
  20  1:33  Marine  
  20  1:34  Orbital Command  
  20  1:36  Factory  
  20  1:42  Supply Depot  
  20  1:51  Marine  
  21  2:00  SCV  
  22  2:11  Barracks  
  22  2:15  Barracks  
  23  2:20  Barracks Reactor  
  23  2:27  SCV, Refinery  
  23  2:28  Supply Depot  
  23  2:39  SCV  
  23  2:42  Widow Mine  
  26  2:50  Supply Depot  
  26  2:51  SCV  
  27  3:01  Barracks Tech Lab, Marine x2  
  27  3:02  Barracks Tech Lab  
  29  3:06  SCV  
  29  3:11  Widow Mine  
  31  3:25  Combat Shields  
  31  3:26  Marine x2  
  33  3:27  Marine x2  
  33  3:28  SCV  
  36  3:35  Supply Depot  
  36  3:39  Widow Mine  
  38  3:45  SCV  
  39  3:59  Marauder x2, Marine x2  
  39  4:00  SCV  
  46  4:08  Starport  
  46  4:12  SCV  
  45  4:25  Marauder x2, Marine x2  
  52  4:31  SCV  
  52  4:34  Hellion  
  52  4:43  SCV, Marine  
  52  4:45  Medivac  
  52  4:46  Supply Depot  
  54  4:55  SCV  
Tags
 
Add a new tag
Caveats
  • Supply blocks, unpowered buildings, or Contaminate may cause inaccurate times.
  • Supply counts are checked every 10 seconds.